 Dungeon Crawl Stone Soup version 0.28-a0-1594-ga885d4b3d6 (webtiles) character file.

Game seed: 5101933620904309476

1465 mordus the Shield-Bearer (level 8, 0/67 HPs)
             Began as a Gnoll Fighter on Jan 20, 2022.
             Slain by Edmund (1 damage)
             ... on level 6 of the Dungeon.
             The game lasted 00:10:04 (6823 turns).

mordus the Shield-Bearer (Gnoll Fighter)            Turns: 6823, Time: 00:10:05

Health: 0/67       AC: 14    Str: 17    XL:     8   Next: 77%
Magic:  13/13      EV:  8    Int:  8    God:
Gold:   260        SH:  5    Dex: 12    Spells: 14/14 levels left

rFire   . . .      SeeInvis .   a - +0 long sword
rCold   . . .      Faith    +   c - +0 buckler
rNeg    . . .      Spirit   .   u - +0 chain mail
rPois   .          Reflect  .   h - +0 helmet
rElec   .          Harm     .   (no cloak)
rCorr   .          Rampage  .   x - +1 pair of gloves
Will    .....                   (no boots)
Stlth   ..........              t - amulet of faith
HPRegen 0.21/turn               (no ring)
MPRegen 0.13/turn               (no ring)

@: no status effects
A: fangs 1, strong nose, distributed training
a: no special abilities


You were on level 6 of the Dungeon.
You visited 1 branch of the dungeon, and saw 6 of its levels.

You collected 293 gold pieces.
You spent 33 gold pieces at shops.

Inventory:

Hand Weapons
 a - a +0 long sword (weapon)
 j - a +0 dagger of venom
 l - a +2 dagger of electrocution
 y - a +1 antimagic whip
Missiles
 o - 12 poisoned darts (quivered)
 r - a throwing net
 A - a curare-tipped dart
Armour
 b - a +0 scale mail
 c - a +0 buckler (worn)
 h - a +0 helmet (worn)
 u - a +0 chain mail (worn)
 x - a +1 pair of gloves (worn)
Jewellery
 t - an amulet of faith (around neck)
Wands
 f - a wand of polymorph (7)
Scrolls
 e - 3 scrolls of identify {unknown}
 g - 4 scrolls of teleportation {unknown}
 i - 2 scrolls of blinking {unknown}
 k - 2 scrolls of fog {unknown}
 q - a scroll of fear {unknown}
 v - 4 scrolls of amnesia {unknown}
Potions
 d - a potion of might
 m - a potion of invisibility {unknown}
 n - 2 potions of brilliance {unknown}
 p - 3 potions of curing
 s - 2 potions of magic {unknown}
 w - a potion of mutation {unknown}
 z - a potion of haste {unknown}


   Skills:
 + Level 7.5 Fighting
 + Level 3.5 Short Blades
 + Level 5.8 Long Blades
 + Level 3.5 Axes
 + Level 3.5 Maces & Flails
 + Level 3.5 Polearms
 + Level 3.5 Staves
 + Level 3.5 Slings
 + Level 3.5 Bows
 + Level 3.5 Crossbows
 + Level 3.5 Throwing
 + Level 7.5 Armour
 + Level 3.5 Dodging
 + Level 3.5 Stealth
 + Level 7.5 Shields
 + Level 3.5 Unarmed Combat
 + Level 3.5 Spellcasting
 + Level 2.9 Conjurations
 + Level 2.9 Hexes
 + Level 2.9 Summonings
 + Level 2.9 Necromancy
 + Level 2.9 Translocations
 + Level 2.9 Transmutations
 + Level 2.9 Fire Magic
 + Level 2.9 Ice Magic
 + Level 2.9 Air Magic
 + Level 2.9 Earth Magic
 + Level 2.9 Poison Magic
 + Level 3.9 Invocations
 + Level 3.5 Evocations


You had 14 spell levels left.
You didn't know any spells.
Your spell library contained the following spells:

 Spells                   Type           Power      Damage    Failure   Level
 Animate Skeleton         Necr           12%        N/A       80%         1
 Apportation              Tloc           12%        N/A       80%         1
 Summon Small Mammal      Summ           24%        N/A       80%         1
 Static Discharge         Conj/Air       6%         N/A       90%         2
 Sublimation of Blood     Necr           6%         N/A       90%         2
 Dispel Undead            Necr           6%         3d8       100%        4
 Passage of Golubria      Tloc           6%         N/A       100%        4
 Petrify                  Tmut/Erth      6%         N/A       100%        4
 Sticky Flame             Conj/Fire      6%         2d3       100%        4
 Irradiate                Conj/Tmut      3%         3d14      100%        5
 Silence                  Hex/Air        3%         N/A       100%        5
 Lehudib's Crystal Spear  Conj/Erth      3%         10d2      100%        8


Dungeon Overview and Level Annotations

Branches:
Dungeon (6/15)
 Temple: D:4-7

Altars:
Cheibriados
Kikubaaqudgha
Trog
Wu Jian
Xom

Shops:
D:2 ?   D:3 =   D:4 !   D:6 *

Annotations:
D:4 1 runed translucent door, Crazy Yiuf
D:6 Edmund


Innate Abilities, Weirdness & Mutations

You have very sharp teeth.
Your uncanny sense of smell can sniff out nearby items.
Your experience applies equally to all skills.


Message History

You barely miss Edmund.
Edmund is lightly wounded.
Edmund barely misses you.
You barely miss Edmund. Your bite misses Edmund.
Edmund is lightly wounded.
Edmund hits you with a +2 vorpal flail.
You closely miss Edmund.
Edmund is lightly wounded.
Edmund hits you but does no damage.
You barely miss Edmund. You bite Edmund, but do no damage.
Edmund is lightly wounded.
Edmund hits you with a +2 vorpal flail. x2
You hit Edmund but do no damage.
Edmund is lightly wounded.
Edmund hits you but does no damage.
You hit Edmund.
Edmund is lightly wounded.
You block Edmund's attack.
You closely miss Edmund. Your bite misses Edmund.
Edmund is lightly wounded.
Edmund hits you with a +2 vorpal flail.
You slash Edmund!
Edmund is moderately wounded.
Edmund asks, "Have you met my wondrous brother?"
Edmund hits you with a +2 vorpal flail.
You hit Edmund but do no damage.
Edmund is moderately wounded.
You block Edmund's attack.
You barely miss Edmund.
Edmund is moderately wounded.
Edmund hits you with a +2 vorpal flail. Edmund hits you with a +2 vorpal flail!
* * * LOW HITPOINT WARNING * * *
x2 You barely miss Edmund.
Edmund is moderately wounded.
Edmund hits you with a +2 vorpal flail!
* * * LOW HITPOINT WARNING * * *
x2 You hit Edmund.
Edmund is heavily wounded.
Edmund hits you with a +2 vorpal flail.
You die...

#........... #.....#
.......# .....#
........#
#....##........#
...............#
............ ..##
.....###### #.. #
......# #.###.# ......#
###..@@.# ......#
#[.....#.....
......######.#..........
...†.......<........## .
.......####.......###
.............#....#
.....#............#
...#.#..#....#....#
...#.##......#....#


You could see Edmund.

Vanquished Creatures
  An ice beast (D:5)
  A black bear (D:6)
  3 ogres
  A centaur (D:5)
  A phantom (D:5)
  A bullfrog (D:5)
  2 kobold brigands
  A scorpion (D:5)
  2 water moccasin skeletons
  A centaur zombie (D:6)
  A hound (D:6)
  A bullfrog skeleton (D:4)
  A jelly (D:4)
  An orc priest (D:4)
  2 iguanas
  2 orc wizards
  Ijyb (D:4)
  3 hound skeletons
  3 adders
  4 gnolls (D:3)
  A shadow imp (D:5)
  An ufetubus (D:4)
  2 adder skeletons (D:4)
  2 worms
  A dart slug (D:1)
  18 orcs
  6 ball pythons
  5 endoplasms
  5 giant cockroaches
  5 goblins
  7 hobgoblins
  3 jackals (D:2)
  4 quokkas
  5 bats
  2 frilled lizards (D:2)
  15 kobolds
  4 rats
119 creatures vanquished.

Notes
Turn   | Place    | Note
-------+----------+-------------------------------------------
     0 | D:1      | mordus the Gnoll Fighter began the quest for the Orb.
     0 | D:1      | Reached XP level 1. HP: 23/23 MP: 1/1
   340 | D:1      | Reached XP level 2. HP: 29/29 MP: 2/2
   497 | D:1      | Found a faded altar of an unknown god.
   721 | D:2      | Found a shimmering altar of Xom.
   755 | D:2      | Reached XP level 3. HP: 31/35 MP: 3/3
   855 | D:2      | Found Pofaloh's Magic Scroll Boutique.
   877 | D:2      | Reached skill level 1 in Invocations
  1104 | D:2      | Reached skill level 1 in Short Blades
  1104 | D:2      | Reached skill level 1 in Axes
  1104 | D:2      | Reached skill level 1 in Maces & Flails
  1104 | D:2      | Reached skill level 1 in Polearms
  1104 | D:2      | Reached skill level 1 in Staves
  1104 | D:2      | Reached skill level 1 in Slings
  1104 | D:2      | Reached skill level 1 in Bows
  1104 | D:2      | Reached skill level 1 in Crossbows
  1104 | D:2      | Reached skill level 1 in Throwing
  1104 | D:2      | Reached skill level 1 in Dodging
  1104 | D:2      | Reached skill level 1 in Stealth
  1104 | D:2      | Reached skill level 1 in Unarmed Combat
  1104 | D:2      | Reached skill level 1 in Spellcasting
  1104 | D:2      | Reached skill level 1 in Evocations
  1306 | D:2      | Reached XP level 4. HP: 41/41 MP: 5/5
  1443 | D:2      | Reached skill level 1 in Conjurations
  1443 | D:2      | Reached skill level 1 in Hexes
  1443 | D:2      | Reached skill level 1 in Summonings
  1443 | D:2      | Reached skill level 1 in Necromancy
  1443 | D:2      | Reached skill level 1 in Translocations
  1443 | D:2      | Reached skill level 1 in Transmutations
  1443 | D:2      | Reached skill level 1 in Fire Magic
  1443 | D:2      | Reached skill level 1 in Ice Magic
  1443 | D:2      | Reached skill level 1 in Air Magic
  1443 | D:2      | Reached skill level 1 in Earth Magic
  1443 | D:2      | Reached skill level 1 in Poison Magic
  1796 | D:3      | Noticed a kobold brigand
  1811 | D:3      | Killed a kobold brigand
  1812 | D:3      | Reached XP level 5. HP: 31/47 MP: 5/7
  2022 | D:3      | Found Nuluucs's Jewellery Emporium.
  2507 | D:3      | Reached XP level 6. HP: 49/53 MP: 8/8
  3036 | D:4      | Noticed Ijyb
  3042 | D:4      | Reached skill level 5 in Long Blades
  3072 | D:4      | Killed Ijyb
  3116 | D:4      | Reached XP level 7. HP: 38/59 MP: 10/10
  3347 | D:4      | Found Veattow's Distillery.
  3354 | D:4      | Bought a potion of curing for 33 gold pieces
  3413 | D:4      | Found a runed translucent door.
  3414 | D:4      | Noticed Crazy Yiuf
  3959 | D:5      | Entered Level 5 of the Dungeon
  4193 | D:5      | Found a bloodstained altar of Trog.
  4193 | D:5      | Found an ornate altar of the Wu Jian Council.
  4194 | D:5      | Found a snail-covered altar of Cheibriados.
  4194 | D:5      | Found an ancient bone altar of Kikubaaqudgha.
  4837 | D:5      | Reached XP level 8. HP: 34/67 MP: 12/12
  6721 | D:6      | Found Narub's Assorted Antiques.
  6799 | D:6      | Noticed Edmund
  6822 | D:6      | HP: 3/67 [Edmund (7)]
  6822 | D:6      | HP: 1/67 [Edmund (2)]
  6823 | D:6      | Slain by Edmund

Illustrated notes

Levels and vault maps discovered:
D:1:      scummos_arrival_gate, layout_rooms, hellmonk_ecumenical_altar_zigzags,
          roderic_roman_lattice, amethyst_killhole,
          amcnicky_mini_corridor_feature
D:2:      layout_loops_ring, basic_altar, serial_shops, shop_statue,
          minmay_unequal
D:3:      layout_basic, serial_shops, shop
D:4:      layout_basic, serial_shops, nicolae_shop_trees, uniq_ijyb,
          uniq_crazy_yiuf_cottage
D:5:      layout_basic, chequers_temple_overflow_statue_of_worship
D:6:      layout_rooms, nicolae_hepliaklqana_hippocampus,
          minmay_temple_entry_nine_rooms, serial_shops, nicolae_shop_waterfront,
          lemuel_flamethrower_2, uniq_edmund

Skill      XL: |  1  2  3  4  5  6  7  8 |
---------------+-------------------------+-----
Invocations    | 1 2 3 |  3.9
Short Blades   | 1 2 3 |  3.5
Axes           | 1 2 3 |  3.5
Maces & Flails | 1 2 3 |  3.5
Polearms       | 1 2 3 |  3.5
Staves         | 1 2 3 |  3.5
Slings         | 1 2 3 |  3.5
Bows           | 1 2 3 |  3.5
Crossbows      | 1 2 3 |  3.5
Throwing       | 1 2 3 |  3.5
Dodging        | 1 2 3 |  3.5
Stealth        | 1 2 3 |  3.5
Unarmed Combat | 1 2 3 |  3.5
Spellcasting   | 1 2 3 |  3.5
Evocations     | 1 2 3 |  3.5
Conjurations   | 1 2 |  2.9
Hexes          | 1 2 |  2.9
Summonings     | 1 2 |  2.9
Necromancy     | 1 2 |  2.9
Translocations | 1 2 |  2.9
Transmutations | 1 2 |  2.9
Fire Magic     | 1 2 |  2.9
Ice Magic      | 1 2 |  2.9
Air Magic      | 1 2 |  2.9
Earth Magic    | 1 2 |  2.9
Poison Magic   | 1 2 |  2.9
Long Blades    | 5 |  5.8
Fighting       | 7 |  7.5
Armour         | 7 |  7.5
Shields        | 7 |  7.5

Action                   |  1- 3 |  4- 6 |  7- 9 || total
-------------------------+-------+-------+-------++-------
Melee: Long sword        |   111 |   200 |   224 ||   535
       Bite              |     5 |    24 |    36 ||    65
Throw: Dart              |       |     1 |       ||     1
  Use: Potion            |       |     2 |     1 ||     3
Armor: Scale mail        |    52 |    70 |    58 ||   180
       Chain mail        |       |       |   102 ||   102
Dodge: Dodged            |    57 |    78 |   115 ||   250
Block: Buckler           |    28 |    40 |    86 ||   154

Table legend: (Time is in decaauts)
 A = Elapsed time spent in this place.
 B = Non-inter-level travel time spent in this place.
 C = Inter-level travel time spent in this place.
 D = Time resting spent in this place.
 E = Time spent auto-exploring this place.
 F = Levels seen in this place.
 G = Mean time per level.
                   A        B        C        D        E       F      G
               +--------+--------+--------+--------+--------+-----+--------+
         Total |   6958 |   6571 |    387 |   1617 |   3718 |   6 | 1159.7 |
       Dungeon |   6958 |   6571 |    387 |   1617 |   3718 |   6 | 1159.7 |
               +--------+--------+--------+--------+--------+-----+--------+

Top non-repeatable levels by time:
     D:5: 2546 daAuts
     D:4: 1263 daAuts
     D:2: 1149 daAuts
     D:3: 999 daAuts
     D:1: 660 daAuts
     D:6: 337 daAuts
